Cogmind - Beta 15 @@@ ROGUE MODE // 2025.06.15 @ 18:48:21 Player: RNGesus Result: Destroyed by UZ-FD1(R) with Subdweller Beam Cannon Performance ------------- Evolutions (0) 0 Regions Visited (2) 400 Robots Destroyed (26) 130 Value Destroyed (614) 614 Prototype IDs (0) 0 Alien Tech Used (0) 0 Bonus (-14) -14 TOTAL SCORE: 1130 Bonus ------- Friendly Fire -14 Cogmind --------- Core Integrity 0/250 Matter 270/300 Energy 315/315 System Corruption 2% Temperature Cool (9) Movement Walking (120) Location -10/Subcaves Parts ------- > --- POWER (1) -------- Neutrino Core > --- PROPULSION (2) --- Spiked Treads Myomer Leg > --- UTILITY (2) ------ Subdweller Optics > --- WEAPON (2) ------- Subdweller Machine Gun > --- INVENTORY (5) ---- Subdweller Power Source Arachnoskeleton Subdweller Monowheel Peak State ------------ > --- POWER ------------ Neutrino Core > --- PROPULSION ------- Light Treads Myomer Leg > --- UTILITY ---------- Scrap Shield > --- WEAPON ----------- Battle Rifle Battle Rifle > --- INVENTORY -------- Subdweller Power Source Arachnoskeleton Subdweller Machine Gun [Rating: 24] Favorites ----------- Power Neutrino Core Engine Light Ion Engine Power Core Neutrino Core Propulsion Light Treads Treads Light Treads Leg Myomer Leg Wheel Subdweller Monowheel Utility Scrap Shield Device Improved Heat Sink Storage Medium Storage Unit Protection Scrap Shield Weapon Battle Rifle Energy Gun Medium Laser Energy Cannon Subdweller Beam Cannon Ballistic Gun Battle Rifle Slashing Weapon Mining Claw Build | -11 -10 -10 ------- Run | Yrd Mat Sub Slots Evolved . | . . . Power . | . . . Propulsion . | . . . Utility . | . . . Weapon . | . . . Parts Attached 30 | 6 6 18 Power 5 | 1 1 3 Engine 3 | 1 1 1 Core 2 | . . 2 Reactor . | . . . Propulsion 5 | 2 . 3 Treads 3 | 2 . 1 Leg 1 | . . 1 Wheel 1 | . . 1 Hover . | . . . Flight . | . . . Utility 8 | 1 2 5 Device 4 | . 1 3 Storage 2 | 1 1 . Processor . | . . . Hackware . | . . . Protection 2 | . . 2 Artifact . | . . . Weapon 12 | 2 3 7 Energy Gun 1 | 1 . . Energy Cannon 1 | . . 1 Ballistic Gun 8 | 1 1 6 Ballistic Cannon . | . . . Launcher . | . . . Special Weapon . | . . . Impact Weapon . | . . . Slashing Weapon 2 | . 2 . Piercing Weapon . | . . . Special Melee Weapon . | . . . Unidentified Prototypes . | . . . Parts Lost 6 | . 1 5 Power 1 | . 1 . Propulsion 2 | . . 2 Utility 1 | . . 1 Weapon 2 | . . 2 Highest Loss Streak 3 | . 1 3 To Critical Strikes . | . . . Average Backups 4 | . 7 3 Power 1 | . 1 . Propulsion . | . . 1 Utility . | . . . Weapon 1 | . 4 . Tool/Special . | . . . Unused Backups 9 | . . 9 Power 1 | . . 1 Propulsion 2 | . . 2 Utility 1 | . . 1 Weapon 4 | . . 4 Tool/Special 1 | . . 1 Average Slot Usage (%) 83 | . 95 79 Engine 5 | . 11 3 Core 7 | . . 10 Treads 18 | . 28 15 Leg 4 | . . 5 Device 4 | . 12 1 Storage 4 | . 14 1 Protection 8 | . . 11 Ballistic Gun 27 | . 24 27 Peak Build Rating 24 | 6 10 24 Average Rating 15 | 4 9 17 On Entrance 5 | . 6 10 Naked Turns . | . . . Heaviest Build 36 | 12 20 36 Greatest Support 40 | 40 40 40 Greatest Overweight (x) 1 | . . 1 Average Overweight (x) . | . . . Largest Inventory Capacity 10 | 8 10 10 Average Capacity 6 | 7 9 5 Most Carried 10 | 2 10 10 Average Carried 5 | 1 7 5 Final Capacity 10 | 8 10 5 Final Carried 9 | 2 9 5 Class Distribution -------------------- 86% | Mutant 8% | Subdweller-Mutant 5% | Scavenger-Mutant Dominant Class ---------------- Mutant | -10/Materials Mutant | -10/Subcaves Resources | -11 -10 -10 ----------- Run | Yrd Mat Sub Matter Collected 1154 | 238 321 595 Remotely . | . . . Salvage Created 803 | . 449 354 Parts 61 | . 34 27 Haulers Intercepted 1 | . 1 . Recyclers Shooed . | . . . Parts Field Recycled . | . . . Retrieved Matter . | . . . Parts Self-Destructed 25 | . . 25 Prevented . | . . . Kills | -11 -10 -10 ------- Run | Yrd Mat Sub Combat Hostiles Destroyed 20 | . 12 8 Guns 20 | . 12 8 Classes Destroyed 9 | . 6 3 Worker 1 | . 1 . Tunneler 1 | . 1 . Hauler 1 | . 1 . Operator 2 | . 2 . Turret 1 | . . 1 Swarmer 8 | . 6 2 Grunt 6 | . 6 . Sentry 1 | . . 1 Subdweller 5 | . . 5 Best Kill Streak 5 | . 5 2 Combat Bots Only 5 | . 5 2 Max Kills in Single Turn 2 | . 2 2 Gunslinging 1 | . 1 1 Exploded . | . . . Melee . | . . . Uniques/NPCs Destroyed . | . . . Combat | -11 -10 -10 -------- Run | Yrd Mat Sub Hostile Shots Fired 126 | . 47 79 Missed 37 | . 11 26 Hits 89 | . 36 53 Projectile 89 | . 36 53 Critical Strikes 2 | . . 2 Damage Taken 1530 | . 392 1138 Core 255 | . 100 155 Absorbed by Shields . | . . . Core Remaining (%) 100 | 100 . . Volleys Fired 86 | . 48 38 Largest 2 | . 2 2 Hottest 70 | . 70 60 Shots Fired 168 | . 96 72 Gun 168 | . 96 72 Cannon . | . . . Launcher . | . . . Special . | . . . Kinetic 151 | . 79 72 Thermal 17 | . 17 . Explosive . | . . . Electromagnetic . | . . . Robot Hit Streak 12 | . 11 12 Robot Miss Streak 4 | . 4 3 Penetration Max . | . . . Secondary Targets 5 | . 3 2 Max Gunslinging Chain 1 | . 1 1 Shots Hit Robots 109 | . 60 49 Core Hits 45 | . 26 19 Critical Kills . | . . . Critical Parts Destroyed 1 | . . 1 Critical Strikes 1 | . . 1 Destroy 1 | . . 1 Melee Attacks 1 | . 1 . Impact . | . . . Slashing 1 | . 1 . Piercing . | . . . Sneak Attacks 1 | . 1 . Combat Hostiles . | . . . Follow-up Attacks . | . . . Damage Inflicted 1474 | . 793 681 Guns 1411 | . 730 681 Cannons . | . . . Explosions . | . . . Melee 63 | . 63 . Ramming . | . . . Kinetic 1272 | . 591 681 Thermal 139 | . 139 . Explosive . | . . . Electromagnetic . | . . . Impact . | . . . Slashing 63 | . 63 . Piercing . | . . . Highest Corruption 2 | . 2 2 Average Corruption 2 | . 2 2 Corruption Purged . | . . . Corruption Blocked . | . . . Effects 40 | . 5 35 Message Errors 10 | . 1 9 Matter Fused 10 | . 1 9 Heat Flow Errors 5 | . 1 4 Energy Discharges 5 | . 1 4 Data Loss (minor) 5 | . 1 4 Data Loss (major) 1 | . . 1 Misfires 1 | . . 1 Alerts 3 | . . 3 Overload Shots . | . . . Overflow Damage . | . . . Projectiles . | . . . Explosions . | . . . Melee . | . . . Knockbacks . | . . . Impact . | . . . Kinetic . | . . . Secondary . | . . . Self-Inflicted Damage . | . . . Shots . | . . . Rammed . | . . . Targets Rammed . | . . . Kicked . | . . . Crushed . | . . . Highest Temperature 258 | . 147 258 Average Temperature 93 | . 90 101 Received Heat Transfer 384 | . 195 189 Siege Activations . | . . . Martial Activations . | . . . Shielding Activations . | . . . Robots Disrupted . | . . . Combat Hostiles . | . . . Robots Corrupted . | . . . Combat Hostiles . | . . . Parts Fried . | . . . Impact Corruptions . | . . . Robots Melted . | . . . Combat Hostiles . | . . . Parts Melted 1 | . 1 . Heat Transferred 407 | . 407 . Parts Sabotaged . | . . . Parts Stolen . | . . . Parts Stripped . | . . . Power Chain Reactions . | . . . Alert | -11 -10 -10 ------- Run | Yrd Mat Sub Maximum Alert Level . | . . . Low Security (%) 100 | 100 100 . Level 1 . | . . . Level 2 . | . . . Level 3 . | . . . Level 4 . | . . . Level 5 . | . . . High Security . | . . . Max Security . | . . . Peak Influence 95 | . 95 . Initial . | . . . Average 28 | . 29 . Influence Increases 449 | . 339 110 Destroy 0b10 Robot/C 320 | . 240 80 Destroy 0b10 Robot/NC 25 | . 25 . Destroy Leader 42 | . 42 . Successful Hack 17 | . 17 . Lose Combat Pursuer 45 | . 15 30 Influence Decreases 449 | . 339 110 Time Decay 410 | . 329 81 Lost Part 39 | . 10 29 Squads Dispatched 2 | . 2 . Investigation 1 | . 1 . Extermination . | . . . Reinforcement 1 | . 1 . Assault . | . . . Garrison . | . . . Intercept . | . . . Searches Triggered . | . . . Construction Impeded . | . . . Haulers Reinforced . | . . . Active Scanning Responses . | . . . Cargo Convoy Interrupts . | . . . Stealth | -11 -10 -10 --------- Run | Yrd Mat Sub Distress Signals 2 | . 2 . Communications Jammed . | . . . Distress Signals . | . . . Times Spotted 45 | . 21 24 Peak Tracking Total 6 | . 6 5 Tactical Retreats 3 | . 1 2 Traps | -11 -10 -10 ------- Run | Yrd Mat Sub Traps Triggered 5 | . 1 4 Indirectly . | . . . Trap Hack Attempts . | . . . Triggered . | . . . Disarmed . | . . . Reprogrammed . | . . . Reused . | . . . Traps Extracted . | . . . Installed . | . . . Triggered . | . . . Machines | -11 -10 -10 ---------- Run | Yrd Mat Sub Machines Disabled . | . . . Max in Single Turn . | . . . Machines Repaired . | . . . Machines Dismantled . | . . . Machines Sabotaged . | . . . Overloaded Fab Kills . | . . . Hacking | -11 -10 -10 --------- Run | Yrd Mat Sub Machines Accessed 4 | . 4 . Terminals 4 | . 4 . Fabricators . | . . . Repair Stations . | . . . Recycling Units . | . . . Scanalyzers . | . . . Garrison Access . | . . . Total Hacks 12 | . 12 . Successful 5 | . 5 . Failed 7 | . 7 . Catastrophic 2 | . 2 . Database Lockouts . | . . . Manual 10 | . 10 . Terminals 12 | . 12 . Fabricators . | . . . Repair Stations . | . . . Recycling Units . | . . . Scanalyzers . | . . . Garrison Access . | . . . Terminal Hacks 4 | . 4 . Part Schematic 1 | . 1 . Locate Traps 1 | . 1 . Maintenance Status 1 | . 1 . Recall Investigation 1 | . 1 . Fabricator Hacks . | . . . Repair Station Hacks . | . . . Recycling Unit Hacks . | . . . Scanalyzer . | . . . Garrison Access Hacks . | . . . Unauthorized Hacks 1 | . 1 . Terminals 1 | . 1 . Operators 1 | . 1 . Fabricators . | . . . Repair Stations . | . . . Recycling Units . | . . . Scanalyzers . | . . . Garrison Access . | . . . Data Cores Recovered 1 | . 1 . Used . | . . . Hacking Detections 3 | . 3 . Full Trace Events 1 | . 1 . Feedback Events . | . . . Feedback Blocked . | . . . Robot Schematics Acquired . | . . . Robots Built . | . . . Authchips . | . . . Time . | . . . Total Robot Build Rating . | . . . Part Schematics Acquired 1 | . 1 . Parts Built . | . . . Authchips . | . . . Time . | . . . Total Part Build Rating . | . . . Parts Repaired . | . . . Time . | . . . Parts Recycled . | . . . Recycled Matter . | . . . Retrieved Matter . | . . . Retrieved Components . | . . . Parts Scanalyzed . | . . . Part Schematics Acquired . | . . . Parts Damaged . | . . . Bothacking | -11 -10 -10 ------------ Run | Yrd Mat Sub Used RIF Installer . | . . . Robots Hacked . | . . . Non-combat . | . . . Combat . | . . . Robot Hacks Applied . | . . . Relay Couplers Released . | . . . Fabnet Peak Effective % . | . . . Robots Rewired . | . . . Allies Hacked . | . . . Hacks Repelled . | . . . Allies | -11 -10 -10 -------- Run | Yrd Mat Sub Total Allies . | . . . Largest Group . | . . . Highest-Rated Group . | . . . Highest-Rated Ally . | . . . Total Orders . | . . . Ally Attacks . | . . . Total Damage . | . . . Kills . | . . . Allies Corrupted . | . . . Allies Melted . | . . . Intel | -11 -10 -10 ------- Run | Yrd Mat Sub Active Infowar (turns) 245 | . . 245 Optics 245 | . . 245 Robot Analysis Total . | . . . Derelict Logs Recovered 2 | . . 2 Drone Launches . | . . . Drone Recoveries . | . . . Exploration | -11 -10 -10 ------------- Run | Yrd Mat Sub Turns Passed 4105 | 58 1019 3028 Spaces Moved 2040 | 33 535 1472 Core 4 | 4 . . Treads 1174 | 29 535 610 Legs 655 | . . 655 Wheels 207 | . . 207 Hover . | . . . Flight . | . . . Fastest Speed 50 | 50 160 110 Average Speed 177 | 146 160 184 Slowest Speed 240 | 160 160 240 Overloaded Moves . | . . . Propulsion Burnouts . | . . . Robots Hopped . | . . . Potential Cave-ins . | . . . Cave-ins Triggered . | . . . Exploration Rate (%) 60 | 3 100 78 Regions Visited 2 Branch Regions 1 Pre-discovered Areas . | . . . Known Exits Taken . | . . . Unknown Exits Taken 2 | 1 1 . Scrap Searched 2 | . . 2 Spaces Dug . | . . . Terrain Destroyed . | . . . Melee . | . . . Projectile . | . . . AOE . | . . . Terrain Rammed . | . . . Walls Destroyed . | . . . Machines Disabled . | . . . Actions | -11 -10 -10 --------- Run | Yrd Mat Sub Total 2360 | 40 599 1721 Wait 148 | . . 148 Move 2038 | 32 534 1472 Hop . | . . . Pick Up 15 | 2 6 7 Fast Attach 27 | 6 3 18 Attach 4 | . 1 3 Detach 5 | . 2 3 Swap 5 | . 3 2 Drop 26 | . 1 25 Fire 86 | . 48 38 Melee 1 | . 1 . Ram . | . . . Kick . | . . . Crush . | . . . Escape Stasis . | . . . Rewire . | . . . Trap . | . . . Miscellaneous 5 | . . 5 Route ------- -11/Scrapyard -10/Materials (discovered 6 exits: [*Mat x3] / [*Min x2] / [*Sub]) -10/Subcaves (discovered 2 exits: [*Mat] / [*Rec]) History --------- Turn | Location | Event 3 | -11/Scrapyard | Discovered new exit (range 16) 59 | -11/Scrapyard | Entered Materials 289 | -10/Materials | Discovered new exit (range 13) 310 | -10/Materials | Build established: Mutant 490 | -10/Materials | Discovered new exit (range 15) 635 | -10/Materials | Discovered new exit (range 15) 734 | -10/Materials | Discovered new exit (range 15) 1009 | -10/Materials | Discovered new exit (range 7) 1054 | -10/Materials | Discovered new exit (range 10) 1078 | -10/Materials | Entered Subcaves 1118 | -10/Subcaves | A Subdweller sparked back to life 1118 | -10/Subcaves | A Subdweller sparked back to life 1118 | -10/Subcaves | A Subdweller sparked back to life 1132 | -10/Subcaves | Core integrity fell below 50% 1411 | -10/Subcaves | Discovered new exit (range 14) 1466 | -10/Subcaves | Build established: Subdweller-Mutant 1559 | -10/Subcaves | Found Prototype Leg 1826 | -10/Subcaves | Disturbed a concealed Subdweller 2032 | -10/Subcaves | Build established: Mutant 2212 | -10/Subcaves | Shifting Twisted Machinery released Battle Cannon 2580 | -10/Subcaves | Discovered new exit (range 15) 3816 | -10/Subcaves | Core integrity fell below 20% 4036 | -10/Subcaves | Lost 3 parts (1n1u1w) 4089 | -10/Subcaves | Shifting Twisted Machinery released Sub. Monowheel 4090 | -10/Subcaves | Shifting Twisted Machinery released Battle Cannon 4106 | -10/Subcaves | Destroyed by UZ-FD1(R) with Subdweller Beam Cannon Last Messages --------------- 03965_ Scrap Shield destroyed. 03977_ Triggered Piercing Trap. 03977_ Spikes shoot up from the floor. 03977_ Critical hit (Impale). 03977_ Lgt. Treads destroyed. 03984_ System corrupted: IFF burst signal emitted. 03994_ Triggered Shrapnel Trap. 03994_ An expanding cloud of shrapnel blasts out in all directions. 04005_ Triggered Shrapnel Trap. 04005_ An expanding cloud of shrapnel blasts out in all directions. 04005_ Battle Rifle destroyed. 04030_ YC-PWS(R) destroyed. 04040_ Acquired Spk. Treads. 04043_ Acquired Sub. Machine Gun. 04045_ Acquired Sub. Optics. 04047_ Acquired 39 matter. 04078_ System corrupted: Energy discharge (-88). Sub. Monowheel falls loose from the Twisted Machinery. Battle Cannon falls loose from the Twisted Machinery. 04106_ Battle Rifle destroyed. Map ----- +----------------------------------------------------+ | | | | | ?????????????????????????????????????????????????? | | ?????????????????????????????????????????????????? | | ?????????????????????????????????????????????????? | | ?????????????????????????????????????????????????? | | ?????????????????????????????????????????????????? | | ?????????????????????????????????????????????????? | | ?????????????????????????????????????????????????? | | ?????????????????????????????????????????????????? | | ?????????????????????????????????????????????????? | | ?????????????????????????????????????????????????? | | ?????????????????????????????????????????????????? | | ?????????????????????????????????????????????????? | | ?????????????????????????????????????????????????? | | ?????????????????????????????????????????????????? | | ???????????????????????##????????????????????????? | | ???????####?????????####"#???????????????????????? | | ###?#### ##???????## ""##??????????????????????? | | # ### ##????### "" ####???????????????????? | | ## #????? " """"????????????????????? | | # #####??# "" " ""###?"????????????????? | | ## #???#" """# #""????????????????? | | # #### ###?# " """"?????????????????? | | "#*#??### ##?# "" ""#???????????????????? | | %|#????### ##?# "@"=#????????????????????? | | " ##??????### ####"]"##????????????????????? | | ###?????????## ### R##?????? #????????????? | | #????????????## ## "##? ###??????????? | | ?????????###??## ### # """ #??????????? | | ?????????? "## """""""???????????? | | ???????????# #" """""???????????? | | ???????????# # # #???????????? | | ???????????# #" # ###### ###???????????? | | ???????????### # #??????####?????????????? | | ?????????????### #???????????????????????? | | ??????????????# ## #???????????????????????? | | ??????????????# ## #???????????????????????? | | ??????????????## ### ##???????????????????????? | | ???????????????## ####????????????????????????? | | ????????????????## ###???????????????????????????? | | ????????????????# ##????????????????????????????? | | ????????????????# #????????????????????????????? | | ????????????????## ##????????????????????????????? | | ?????????????????# #????????????????????????????? | | ?????????????????# ##????????????????????????????? | | ??????????#####?## ##?###???????????????????????? | | ??????????# ### ### ##??????????????????????? | | ??????????# #####??????????????????? | | ?????????## #??####????????????? | +----------------------------------------------------+ Best States ------------- Heat Dissipation 39 Energy Generation 19 Energy Capacity 315 Matter Stores 300 Matter Capacity 300 Sight Range 21 Terrain Scan Density 10 Armor Coverage 800 Evasion (%) 55 Recoil Reduction 2 Item Schematics ----------------- Med. Storage Unit | -10/Materials | Hacked Robot Schematics ------------------ None Fabricated ------------ Nothing Repaired ---------- Nothing Alien Tech Used ----------------- None Achievements -------------- None Challenges ------------ None Game ------ Seed ShieldMetaShielding Manual? 0 Play Time 00:20:08 Cumulative 416.0 hours Start 2025.06.15 @ 18:27:14 End 2025.06.15 @ 18:48:21 Sessions 1 Manual Loads 0 Difficulty Rogue Special Mode None Game No. 552 Rogue 552 Adventurer 0 Explorer 0 Win Type - Total 9 Types 6/1/1/1/0/0/0/0/0/0 Lore% 67 Gallery% 75 Achievement% 75 Wizard Run 0 Options --------- Layout 0 ASCII 0 Keyboard 1 Movement Numpad Keybinds 0 Fullscreen 2 Font 24/Smallcaps Map View 76x50 Zoom Use 0% Tactical HUD 1 Map Filters NONE Filters NONE Steam 1 RUN: 1e8c9fc0-4591-4c25-8f87-66622efff23e